 Dungeon Crawl Stone Soup version 0.27.1-34-g3ba077fa99 (webtiles) character file.

Game seed: 15034352211022982129

58 Karpo the Sneak (level 3, -1/16 HPs)
             Began as a Spriggan Enchanter on Jan 20, 2022.
             Slain by an adder (2 damage)
             ... on level 2 of the Dungeon.
             The game lasted 00:06:08 (2292 turns).

Karpo the Sneak (Spriggan Enchanter)                Turns: 2292, Time: 00:06:09

Health: -1/16      AC:  2    Str:  4    XL:     3   Next: 75%
Magic:  2/8        EV: 17    Int: 17    God:
Gold:   78         SH:  0    Dex: 15    Spells: 4/7 levels left

rFire    . . .     SeeInvis +   a - +1 dagger
rCold    . . .     Faith    .   (shield restricted)
rNeg     . . .     Spirit   .   b - +0 robe
rPois    .         Reflect  .   (helmet restricted)
rElec    .         Harm     .   (no cloak)
rCorr    .         Rampage  .   (gloves unavailable)
Will     .....                  (boots unavailable)
Stlth    +++.......             (no amulet)
HPRegen  0.05/turn              (no ring)
MPRegen  0.11/turn              (no ring)

@: very quick
A: very small, no large weapons, unfitting armour, see invisible, speed 3
a: no special abilities


You were on level 2 of the Dungeon.
You visited 1 branch of the dungeon, and saw 2 of its levels.

You collected 78 gold pieces.

Inventory:

Hand Weapons
 a - a +1 dagger (weapon)
 c - a +0 rapier
 e - a +0 dagger of flaming
Armour
 b - a +0 robe (worn)
Jewellery
 d - a +6 ring of strength
Wands
 g - a wand of iceblast (4)


   Skills:
 + Level 2.9 Short Blades
 - Level 2.6 Dodging
 + Level 6.0 Stealth
 - Level 2.6 Spellcasting
 - Level 3.6 Hexes


You had 4 spell levels left.
You knew the following spells:

 Your Spells              Type           Power      Damage    Failure   Level
a - Corona                Hex            15%        N/A       4%          1
b - Ensorcelled Hibernat  Hex/Ice        16%        N/A       13%         2

Your spell library contained the following spells:

 Spells                   Type           Power      Damage    Failure   Level
 Confusing Touch          Hex            14%        N/A       12%         3
 Tukima's Dance           Hex            14%        N/A       12%         3
 Dazzling Flash           Conj/Hex       16%        N/A       26%         3


Dungeon Overview and Level Annotations

Branches:
Dungeon (2/15)

Altars:


Innate Abilities, Weirdness & Mutations

You are very small and have problems with some larger weapons.
You are too small for most types of armour.
You have supernaturally acute eyesight. (SInv)
You cover ground extremely quickly. (Speed+++)


Message History

Aiming: Ensorcelled Hibernation (safe; 13% risk of failure)
Press: ? - help, Shift-Dir - straight line, f - adder
Aim: an adder (severely wounded, chance to affect: 49%)
The adder resists with some effort.
You feel sick. The adder misses you.
Casting: Ensorcelled Hibernation (safe; 13% risk of failure)
Confirm with . or Enter, or press ? or * to list all spells.
Aiming: Ensorcelled Hibernation (safe; 13% risk of failure)
Press: ? - help, Shift-Dir - straight line, f/p - adder
Aim: an adder (severely wounded, chance to affect: 49%)
The adder resists with some effort.
You feel sick. The adder bites you. The adder misses you.
Casting: Ensorcelled Hibernation (safe; 13% risk of failure)
Confirm with . or Enter, or press ? or * to list all spells.
Aiming: Ensorcelled Hibernation (safe; 13% risk of failure)
Press: ? - help, Shift-Dir - straight line, f/p - adder
Aim: an adder (severely wounded, chance to affect: 49%)
The adder resists with some effort.
You feel sick.
You are no longer poisoned.
The adder misses you.
You hit the adder.
The adder is almost dead.
The adder completely misses you.
You miss the adder.
The adder is almost dead.
The adder completely misses you.
You hit the adder but do no damage.
The adder is almost dead.
The adder barely misses you.
You closely miss the adder.
The adder is almost dead.
The adder barely misses you.
You miss the adder.
The adder is almost dead.
The adder bites you.
* * * LOW HITPOINT WARNING * * *
You aren't carrying any potions.
As you read the scroll labelled YRPHAN WEELAGUPRU, it crumbles to dust.
You speak a Word of immense power!
It was a scroll of holy word.
The adder bites you.
You die...

########## ......S..##
.......@..# ##.#######..#
.........#..#
.#.#####.#..##
...#........####.#
#...............#
...#..#.##.)#### #.
#..#.##..#############
#.##..#..................


You could see an adder.

Vanquished Creatures
  Terence (D:2)
  3 dart slugs
  3 endoplasms (D:1)
  2 giant cockroaches (D:1)
  5 goblins
  3 hobgoblins
  A kobold (D:1)
  3 ball pythons (D:1)
  A bat (D:1)
  A frilled lizard (D:1)
  2 rats (D:1)
25 creatures vanquished.

Notes
Turn   | Place    | Note
-------+----------+-------------------------------------------
     0 | D:1      | Karpo the Spriggan Enchanter began the quest for the Orb.
     0 | D:1      | Reached XP level 1. HP: 9/9 MP: 5/5
   281 | D:1      | Reached XP level 2. HP: 13/13 MP: 6/6
   360 | D:1      | Reached skill level 5 in Stealth
   449 | D:1      | Found a faded altar of an unknown god.
   449 | D:1      | You fall into a shaft and drop 1 floor!
  2047 | D:1      | Reached XP level 3. HP: 11/16 MP: 8/8
  2050 | D:1      | Learned a level 2 spell: Ensorcelled Hibernation
  2238 | D:2      | Noticed Terence
  2246 | D:2      | Killed Terence
  2247 | D:2      | Reached skill level 6 in Stealth
  2292 | D:2      | Slain by an adder

Illustrated notes

Levels and vault maps discovered:
D:1:      roderic_crossed_star, layout_basic,
          ebering_ecumenical_altar_petrified, kennysheep_doodads
D:2:      layout_loops_ring, uniq_terence

Skill      XL: |  1  2  3 |
---------------+----------+-----
Stealth        | 5 6 |  6.0
Short Blades   | 2 |  2.9
Dodging        | |  2.6
Spellcasting   | |  2.6
Hexes          | |  3.6

Action                   || total
-------------------------++-------
Melee: Dagger            ||   103
 Cast: Corona            ||     1
       Ensorcelled Hiber ||     5
  Use: Scroll            ||     1
 Stab: Sleeping          ||    11
       Distracted        ||     1
Armor: Robe              ||     5
Dodge: Dodged            ||    68
